 Dungeon Crawl Stone Soup version 0.27-a0-148-g9515ab555c (webtiles) character file.

Game seed: 11330401329186578762

68 knot the Chopper (level 4, 25/35 HPs)
             Began as a Demonspawn Berserker on Jan 27, 2021.
             Was a Follower of Trog.
             Quit the game on level 2 of the Dungeon.
             The game lasted 00:01:02 (1271 turns).

knot the Chopper (Demonspawn Berserker)             Turns: 1271, Time: 00:01:02

Health: 25/35      AC:  9    Str: 17    XL:     4   Next: 1%
Magic:  4/4        EV: 11    Int: 10    God:    Trog [*.....]
Gold:   102        SH:  0    Dex: 12    Spells: 3/3 levels left

rFire    . . .     SeeInvis .   a - +0 hand axe
rCold    . . .     Faith    .   (no shield)
rNeg     . . .     Spirit   .   f - +0 ring mail
rPois    .         Reflect  .   (no helmet)
rElec    .         Harm     .   (no cloak)
rCorr    .         Rampage  .   (no gloves)
Will     .....                  (no boots)
Stlth    +.........             (no amulet)
HPRegen  0.11/turn              h - +4 ring of protection
MPRegen  0.09/turn              (no ring)

@: no status effects
A: claws 1, foul stench 1
a: Renounce Religion, Berserk


You were on level 2 of the Dungeon.
You worshipped Trog.
Trog was aware of your devotion.
You visited 1 branch of the dungeon, and saw 2 of its levels.

You collected 102 gold pieces.

Inventory:

Hand Weapons
 a - a +0 hand axe (weapon)
Missiles
 c - 78 stones
Armour
 f - a +0 ring mail (worn)
Jewellery
 h - a +4 ring of protection (left claw)
Scrolls
 e - 4 scrolls of amnesia {unknown}
 i - a scroll of identify {unknown}
Potions
 b - a potion of curing {unknown}
 d - a potion of heal wounds {unknown}
 g - a potion of degeneration {unknown}


   Skills:
 - Level 3.0 Fighting
 + Level 4.4 Axes
 - Level 1.7 Armour
 - Level 1.7 Dodging


You had 3 spell levels left.
You didn't know any spells.
Your spell library was empty.

Dungeon Overview and Level Annotations

Branches:
Dungeon (2/15)

Altars:


Innate Abilities, Weirdness & Mutations

You have sharp fingernails.
You may rarely emit foul miasma when damaged in melee.


Message History

You closely miss the worker ant.
The worker ant is almost dead.
You hit the worm.
The worker ant bites you but does no damage.
The worker ant closely misses you.
You hit the worker ant.
You kill the worker ant!
Trog accepts your kill.
You hit the worm. The worm bites you but does no damage.
You hit the worm.
The worm is almost dead.
You hit the dart slug. The worm bites you but does no damage.
You hit the dart slug.
You kill the dart slug!
Trog accepts your kill.
You hit the worm but do no damage.
You have reached level 4!
You feel clever.
Your demonic ancestry asserts itself...
You begin to emit a foul stench of rot and decay.
Are you sure you want to abandon this character and quit the game? (Confirm with "yes".)

#..... #.#.## . .#
###..... ##....# # #..
........ ...##.#.##.#
##.....
..#?#.#(#..####...#. #
#.##.#.##........##.
#.>#.#.#(#.... ###..##.
#....gw####.# #..... #
#@.....# #...## ...
#.###### ##...#
....###.# #....##
........##########......
....#............####...
......##[........####...
....####.†..............
.................####...
########.........# #...


You could see a worm and a goblin.

Vanquished Creatures
  A worker ant (D:2)
  A gnoll (D:1)
  A worm (D:2)
  A dart slug (D:2)
  A leopard gecko (D:1)
  A giant cockroach (D:1)
  6 goblins
  3 hobgoblins (D:1)
  6 kobolds
  2 ball pythons (D:1)
  4 bats (D:1)
  2 rats (D:1)
29 creatures vanquished.

Notes
Turn   | Place    | Note
-------+----------+-------------------------------------------
     0 | D:1      | knot the Demonspawn Berserker began the quest for the Orb.
     0 | D:1      | Reached XP level 1. HP: 18/18 MP: 1/1
     5 | D:1      | You fall into a shaft and drop 1 floor!
    72 | D:1      | Reached skill level 3 in Axes
    76 | D:1      | Gained mutation: You have sharp fingernails. [demonic
                  | ancestry]
    76 | D:1      | Reached XP level 2. HP: 24/24 MP: 2/2
   470 | D:1      | Reached XP level 3. HP: 28/29 MP: 3/3
  1084 | D:2      | Reached skill level 4 in Axes
  1271 | D:2      | Gained mutation: You may rarely emit foul miasma when
                  | damaged in melee. [demonic ancestry]
  1271 | D:2      | Reached XP level 4. HP: 25/35 MP: 4/4
  1271 | D:2      | Quit the game

Illustrated notes

Levels and vault maps discovered:
D:1:      minmay_arrival_shattered_statue, layout_basic,
          minmay_misc_feat_enclosed, skrybe_limestone_x
D:2:      layout_rooms, minmay_hexomino_f4

Skill      XL: |  1  2  3 |
---------------+----------+-----
Axes           | 3 4 |  4.4
Fighting       | |  3.0
Armour         | |  1.7
Dodging        | |  1.7

Action                   |  1- 3 |  4- 6 || total
-------------------------+-------+-------++-------
Melee: Hand axe          |    92 |       ||    92
Invok: Berserk           |     1 |       ||     1
 Stab: Sleeping          |     1 |       ||     1
Armor: Ring mail         |    47 |       ||    47
Dodge: Dodged            |    68 |       ||    68

Table legend: (Time is in decaauts)
 A = Elapsed time spent in this place.
 B = Non-inter-level travel time spent in this place.
 C = Inter-level travel time spent in this place.
 D = Time resting spent in this place.
 E = Time spent auto-exploring this place.
 F = Levels seen in this place.
 G = Mean time per level.
                   A        B        C        D        E       F      G
               +--------+--------+--------+--------+--------+-----+--------+
         Total |   1287 |   1265 |     22 |    132 |    910 |   2 |  643.5 |
       Dungeon |   1287 |   1265 |     22 |    132 |    910 |   2 |  643.5 |
               +--------+--------+--------+--------+--------+-----+--------+

Top non-repeatable levels by time:
     D:1: 1052 daAuts
     D:2: 235 daAuts
